 Dungeon Crawl Stone Soup version 0.27.0-1-g7a089689b8 (webtiles) character file.

Game seed: 5634492097830935891

1746 gimp the Stinger (level 9, -1/39 HPs)
             Began as a Vine Stalker Venom Mage on Aug 9, 2021.
             Was a Plaything of Xom.
             Slain by Blork the orc (8 damage)
             ... on level 5 of the Dungeon.
             The game lasted 00:12:43 (6299 turns).

gimp the Stinger (Vine Stalker Venom Mage)          Turns: 6299, Time: 00:12:43

Health: -1/39      AC:  5    Str: 12    XL:     9   Next: 6%
Magic:  0/19       EV: 12    Int: 14    God:    Xom [...*..]
Gold:   273        SH:  0    Dex: 16    Spells: 10/20 levels left

rFire    . . .     SeeInvis .   o - staff of conjuration
rCold    + . .     Faith    .   (no shield)
rNeg     . . .     Spirit   +   a - +0 robe
rPois    .         Reflect  .   n - +0 helmet
rElec    +         Harm     .   (no cloak)
rCorr    .         Rampage  .   b - +0 pair of gloves
Will     +....                  g - +1 pair of boots
Stlth    +.........             (no amulet)
HPRegen  1.13/turn              e - ring of wizardry
MPRegen  0.16/turn              (no ring)

@: confused, unable to read
A: fangs 3, regeneration 1, magic shield, antimagic bite, no potion heal 2, cold
resistance 1, deformed body, dopey 1, electricity resistance, evolution 1,
inability to read while threatened
a: Renounce Religion


You were on level 5 of the Dungeon.
You worshipped Xom.
You were a favourite toy of Xom.
You visited 1 branch of the dungeon, and saw 5 of its levels.

You collected 273 gold pieces.

Inventory:

Armour
 a - a +0 robe (worn)
 b - a +0 pair of gloves (worn)
 g - a +1 pair of boots (worn)
 n - a +0 helmet (worn)
Magical Staves
 o - a staff of conjuration (weapon)
Jewellery
 e - a ring of wizardry (left hand)
Scrolls
 d - a scroll of enchant weapon {unknown}
 h - a scroll of amnesia {unknown}
 i - 3 scrolls of identify {unknown}
 j - a scroll of teleportation {unknown}
 m - a scroll of magic mapping {unknown}
 q - a scroll of acquirement {unknown}
 r - 2 scrolls of brand weapon {unknown}
 s - a scroll of fog {unknown}
 t - a scroll of enchant armour {unknown}
 u - a scroll of noise {unknown}
 w - a scroll of blinking {unknown}
Potions
 c - a potion of heal wounds {unknown}
 f - a potion of haste {unknown}
 k - a potion of mutation {unknown}
 l - a potion of curing {unknown}
 p - a potion of flight {unknown}
 v - a potion of brilliance {unknown}


   Skills:
 - Level 1.3 Short Blades
 + Level 5.6 Staves
 - Level 1.5 Dodging
 - Level 2.4 Stealth
 - Level 6.0 Spellcasting
 - Level 2.0 Conjurations
 - Level 1.0 Transmutations
 - Level 2.0 Air Magic
 - Level 6.0 Poison Magic
 + Level 3.2 Evocations


You had 10 spell levels left.
You knew the following spells:

 Your Spells              Type           Power      Damage    Failure   Level
a - Sting                 Tmut/Pois      56%        1d5       1%          1
b - Poisonous Vapours     Pois/Air       30%        N/A       1%          2
c - Mephitic Cloud        Conj/Pois/Air  20%        N/A       4%          3
d - Olgreb's Toxic Radia  Pois           21%        N/A       5%          4

Your spell library contained the following spells:

 Spells                   Type           Power      Damage    Failure   Level
 Wereblood                Tmut           7%         N/A       6%          2
 Sublimation of Blood     Necr           2%         N/A       10%         2
 Portal Projectile        Hex/Tloc       8%         N/A       19%         3
 Blade Hands              Tmut           3%         N/A       71%         5
 Excruciating Wounds      Necr           2%         N/A       83%         5
 Summon Hydra             Summ           2%         N/A       100%        7


Dungeon Overview and Level Annotations

Branches:
Dungeon (5/15)             Temple (0/1) D:4

Altars:
Dithmenos
Xom
Yredelemnul

Shops:
D:3 [   D:4 (

Annotations:
D:5 Blork the orc


Innate Abilities, Weirdness & Mutations

You have razor-sharp teeth.
Your natural rate of healing is unusually fast.
When hurt, damage is shared between your health and your magic reserves.
Your bite disrupts and absorbs the magic of your enemies.
Potions cannot restore your health.
Your flesh is cold resistant. (rC+)
Armour fits poorly on your strangely shaped body.
You are dopey. (Int -2)
You are resistant to electric shocks. (rElec)
You evolve.
You sometimes lose the ability to read scrolls when taking damage.


Message History

You bump into the rock wall.
You are engulfed in noxious fumes.
You choke on the stench!
You are more confused.
Blork the orc hits you from afar with a +0 trident.
The yak is engulfed in noxious fumes.
The yak appears confused.
The yak gores you! Blork the orc closely misses you.
You take 14 damage, and have 14/39 hp.
MASSIVE DAMAGE!!
You now have 3/19 mp.
You bump into the rock wall.
You are engulfed in noxious fumes.
You choke on the stench!
You are more confused.
Blork the orc looks braver for a moment.
The yak is engulfed in noxious fumes.
The yak gores you but does no damage.
You take 1 damage, and have 13/39 hp.
You bump into the rock wall.
You are engulfed in noxious fumes.
You choke on the stench!
You are more confused.
Blork the orc closely misses you.
The yak is engulfed in noxious fumes.
The yak gores you.
* * * LOW HITPOINT WARNING * * *
Blork the orc closely misses you.
You take 3 damage, and have 10/39 hp.
You now have 2/19 mp.
You bump into the rock wall.
You are engulfed in noxious fumes.
You choke on the stench!
You are more confused.
* * * LOW HITPOINT WARNING * * *
Blork the orc hits you from afar with a +0 trident!
* * * LOW HITPOINT WARNING * * *
The yak is engulfed in noxious fumes.
The yak gores Blork the orc!
The yak completely misses itself.
You take 7 damage, and have 3/39 hp.
You now have 1/19 mp.
Okay, then.
Unknown command.
Blork the orc grins evilly.
You're too confused to move!
The yak barely misses Blork the orc.
The yak gores Blork the orc.
The yak gores you.
* * * LOW HITPOINT WARNING * * *
Blork the orc hits you from afar with a +0 trident!
You die...
Xom thinks this is hilarious!

,,* ##.......##. ** *
#........### ,* ##.....<.## #
, #........# *#. ##.....).##
#.#* ##........## *..
####..##......## *#.##
###......#####...## *..#
####oY@##.....####...##
*#.#####...#######.....###...#
#.##.....###### ###.....##...
#....#........### ##......#..
#.###...........# #.........
##.##............# #.........
####..##............#
#.........
#....##.............#
#.........
†....##...........o.#
#.........


You could see a yak (confused, very poisoned) and Blork the orc (fast).

Vanquished Creatures
  5 yaks
  A black bear (D:4)
  A necrophage (D:5)
  A phantom (D:5)
  4 scorpions
  A water moccasin zombie (D:5)
  A water moccasin skeleton (D:5)
  A bullfrog zombie (D:5)
  A hound (D:5)
  A bullfrog skeleton (D:5)
  A centaur skeleton (D:5)
  Jessica (D:3)
  An iguana (D:5)
  Natasha (thrice) (D:3)
  4 hound zombies (D:5)
  A hound skeleton (D:5)
  5 adders
  A white imp (D:5)
  An ufetubus (D:5)
  A worm (D:2)
  3 dart slugs
  7 orcs
  5 endoplasms
  5 goblins
  5 hobgoblins
  5 jackals
  7 quokkas
  7 ball pythons
  9 bats
  7 frilled lizards
  5 kobolds
  8 rats
109 creatures vanquished.

Notes
Turn   | Place    | Note
-------+----------+-------------------------------------------
     0 | D:1      | gimp the Vine Stalker Venom Mage began the quest for the
                  | Orb.
     0 | D:1      | Reached XP level 1. HP: 9/9 MP: 4/4
   387 | D:1      | Reached XP level 2. HP: 13/13 MP: 3/6
  1283 | D:2      | Reached XP level 3. HP: 16/16 MP: 4/7
  1621 | D:2      | Found a faded altar of an unknown god.
  1748 | D:2      | Became a worshipper of Xom of Chaos
  2165 | D:2      | Gained mutation: Your natural rate of healing is unusually
                  | fast. [Vine Stalker growth]
  2165 | D:2      | Reached XP level 4. HP: 20/21 MP: 4/9
  2480 | D:2      | Learned a level 2 spell: Poisonous Vapours
  2484 | D:2      | Learned a level 3 spell: Mephitic Cloud
  2619 | D:3      | Noticed Jessica
  2623 | D:3      | Killed Jessica
  2774 | D:3      | Found Repuazem's Antique Armour Shop.
  2930 | D:3      | Reached XP level 5. HP: 24/24 MP: 5/10
  3028 | D:3      | XOM: silly message
  3120 | D:3      | XOM: noise
  3177 | D:3      | Found a shadowy altar of Dithmenos.
  3262 | D:3      | Noticed Natasha
  3272 | D:3      | XOM: butterfly on damage
  3273 | D:3      | Killed Natasha
  3274 | D:3      | Reached skill level 1 in Short Blades
  3274 | D:3      | Reached skill level 1 in Conjurations
  3296 | D:3      | Noticed Natasha
  3352 | D:2      | XOM: cloud trail
  3397 | D:3      | Killed Natasha
  3559 | D:3      | Noticed Natasha
  3564 | D:3      | Killed Natasha
  3565 | D:3      | Reached skill level 5 in Poison Magic
  4127 | D:4      | Reached XP level 6. HP: 25/28 MP: 4/12
  4209 | D:4      | XOM: blink monster(s)
  4247 | D:4      | XOM: scenery: summon butterflies
  4320 | D:4      | Learned a level 4 spell: Olgreb's Toxic Radiance
  4345 | D:4      | XOM: 2-stop teleportation journey
  4346 | D:4      | Noticed a black bear
  4350 | D:4      | XOM: blink monster(s)
  4352 | D:4      | Killed a black bear
  4353 | D:4      | Reached skill level 1 in Staves
  4503 | D:4      | Found a staircase to the Ecumenical Temple.
  4616 | D:4      | XOM: silly message
  4620 | D:4      | Found Inyps's Weapon Shop.
  4741 | D:4      | XOM: silly message
  4800 | D:4      | XOM: silly message
  4988 | D:5      | XOM: stealth player
  4988 | D:5      | Entered Level 5 of the Dungeon
  5035 | D:5      | Noticed Blork the orc
  5038 | D:5      | Noticed a yak
  5038 | D:5      | Noticed a yak
  5059 | D:5      | Reached XP level 7. HP: 18/32 MP: 2/14
  5144 | D:5      | Noticed a yak
  5144 | D:5      | Noticed a yak
  5144 | D:5      | Noticed a yak
  5158 | D:5      | XOM: butterfly on damage
  5164 | D:4      | XOM: smoke on damage
  5167 | D:4      | XOM: enchant monster (bad)
  5193 | D:4      | XOM: divination: detect creatures
  5193 | D:4      | Killed a yak
  5213 | D:4      | XOM: noise
  5237 | D:4      | Killed a yak
  5346 | D:5      | XOM: noise
  5353 | D:5      | Reached skill level 5 in Spellcasting
  5475 | D:5      | XOM is BORED!
  5475 | D:5      | XOM: summons 4 hostile demons
  5671 | D:5      | XOM: give mutations
  5671 | D:5      | Gained mutation: You sometimes lose the ability to read
                  | scrolls when taking damage. [Xom's mischief]
  5671 | D:5      | Gained mutation: You are dopey. (Int -2) [Xom's mischief]
  5671 | D:5      | Gained mutation: Your flesh is cold resistant. (rC+) [Xom's
                  | mischief]
  5671 | D:5      | Gained mutation: Armour fits poorly on your strangely
                  | shaped body. [Xom's mischief]
  5678 | D:5      | Gained mutation: You have razor-sharp teeth. [Vine Stalker
                  | growth]
  5678 | D:5      | Reached XP level 8. HP: 31/36 MP: 14/17
  5805 | D:5      | XOM: summons 1 hostile demon
  5865 | D:5      | XOM: give mutation
  5865 | D:5      | Gained mutation: You evolve. [Xom's mischief]
  5902 | D:5      | Noticed a yak
  5915 | D:5      | XOM: cast spell 'Chain of Chaos'
  5919 | D:5      | Killed a yak
  5920 | D:5      | Reached skill level 1 in Air Magic
  5920 | D:5      | Reached skill level 1 in Evocations
  5920 | D:5      | Killed a yak
  5921 | D:5      | XOM: butterfly on damage
  5943 | D:5      | Killed a yak
  5944 | D:5      | Reached skill level 5 in Staves
  5954 | D:5      | XOM: 2-stop teleportation journey
  6006 | D:5      | Gained mutation: You are resistant to electric shocks.
                  | (rElec) [evolution]
  6064 | D:5      | Found a basalt altar of Yredelemnul.
  6095 | D:5      | Reached XP level 9. HP: 34/39 MP: 14/19
  6145 | D:5      | XOM: scenery: summon butterflies
  6284 | D:5      | XOM: divination: magic mapping
  6299 | D:5      | Slain by Blork the orc

Illustrated notes

Levels and vault maps discovered:
D:1:      heliophobic_arrival_henge, layout_basic, serial_park_tiny_2,
          minmay_tromino_v4_c
D:2:      minmay_diamond_boxcup, layout_loops_ring,
          shapermc_ecumenical_altar_pompeii
D:3:      layout_basic, mainiacjoe_overflow_six_doors_small, serial_shops,
          nicolae_diamond_shop, serial_curves, eino_curves_04, eino_curves_02,
          chequers_serial_rivers_small_3, uniq_jessica, uniq_natasha
D:4:      layout_basic, temple_fountains, serial_shops, nicolae_shop_stone
D:5:      layout_cave_pods, nicolae_yredelemnul_corpse_copse, uniq_blork_the_orc

Skill      XL: |  1  2  3  4  5  6  7  8  9 |
---------------+----------------------------+-----
Poison Magic   | 4 5 6 |  6.0
Spellcasting   | 3 4 5 6 |  6.0
Short Blades   | 1 |  1.3
Conjurations   | 1 2 |  2.0
Staves         | 1 3 5 |  5.6
Air Magic      | 2 |  2.0
Evocations     | 2 3 |  3.2
Dodging        | |  1.5
Stealth        | |  2.4
Transmutations | |  1.0

Action                   |  1- 3 |  4- 6 |  7- 9 || total
-------------------------+-------+-------+-------++-------
Melee: Unarmed           |    18 |       |       ||    18
       Dagger            |     3 |    15 |       ||    18
       Bite              |     3 |    10 |    41 ||    54
       Staff             |       |    18 |   147 ||   165
 Cast: Sting             |    86 |   118 |    76 ||   280
       Mephitic Cloud    |       |     1 |     1 ||     2
 Stab: Sleeping          |     1 |       |     1 ||     2
Armor: Robe              |    21 |    16 |    74 ||   111
Dodge: Dodged            |    33 |    53 |   149 ||   235
